 Dungeon Crawl Stone Soup version 0.30-a0-845-g7c6808c8ce (webtiles) character file.

Game seed: 7649039365082708532

6884 jimonade the Thaumaturge (level 11, -3/76 HPs)
             Began as a Djinni Warper on Mar 3, 2023.
             Was an Elder of Okawaru.
             Slain by an orc knight
             ... wielding a +0 bardiche
              (25 damage)
             ... in a bailey.
             The game lasted 00:23:54 (10504 turns).

jimonade the Thaumaturge (Djinni Warper)           Turns: 10504, Time: 00:23:54

Health: -3/76      AC: 13    Str: 14    XL:     11   Next: 26%
Gold:   566        EV: 15    Int: 15    God:    Okawaru [****..] SH:  0 Dex: 13

rFire   + + .      SeeInvis +    a - +4 whip (distort)
rCold   x . .      Faith    +    (no shield)
rNeg    . . .      Spirit   .    L - +0 ring mail
rPois   ∞          Reflect  .    D - +0 helmet
rElec   .          Rampage  .    I - +0 cloak
rCorr   .                        M - +2 pair of gloves
Will    +....                    (boots unavailable)
Stlth   +++                      m - amulet of faith
HPRegen 0.32/turn                e - ring of see invisible
MPRegen 0.00/turn                (no ring)

@: heroic, flying
A: sickness immunity, fire resistance 2, cold vulnerability 1, float, innate
caster, HP casting, extra vitality 1
a: Renounce Religion, Heroism, Finesse


You were in a bailey.
You worshipped Okawaru.
Okawaru was greatly pleased with you.
You visited 2 branches of the dungeon, and saw 10 of its levels.
You also visited: Ossuary and Bailey.

You collected 566 gold pieces.

Inventory:

Hand Weapons
 a - a +4 whip of distortion (weapon)
 x - the +9 dire flail of Humurch {flame, Str+4}
   (Okawaru gifted it to you on level 8 of the Dungeon)

   Str:       It affects your strength (+4).
 y - the +6 dagger "Esmucvis" {antimagic, rF+ Will- Stlth+}
   (You found it on level 8 of the Dungeon)

   rF:        It protects you from fire.
   Will:      It decreases your willpower.
   Stlth:     It makes you more stealthy.
Missiles
 d - 9 boomerangs of dispersal (quivered)
 f - 27 poisoned darts
 j - 11 boomerangs
 F - 7 javelins
Armour
 D - a +0 helmet (worn)
 I - a +0 cloak (worn)
 L - a +0 ring mail (worn)
 M - a +2 pair of gloves (worn)
Jewellery
 e - a ring of see invisible (left hand)
 m - an amulet of faith (around neck)
Wands
 A - a wand of acid (3)
 J - a wand of digging (3)
Scrolls
 b - 5 scrolls of poison
 c - 3 scrolls of blinking
 h - a scroll of enchant armour
 i - 3 scrolls of teleportation
 p - a scroll of fear
 r - a scroll of identify
 E - a scroll of immolation
Potions
 g - a potion of lignification
 k - 4 potions of resistance
 l - 4 potions of cancellation
 n - 2 potions of mutation
 o - 6 potions of haste
 q - 2 potions of might
 s - 2 potions of invisibility {unknown}
 t - a potion of ambrosia
 v - 2 potions of brilliance {unknown}
 w - a potion of flight {unknown}
 z - 5 potions of heal wounds
 G - 7 potions of curing
 H - 2 potions of attraction


   Skills:
 + Level 5.7(10.7) Fighting
 - Level 2.9(7.9) Long Blades
 + Level 7.1(12.1) Maces & Flails
 + Level 1.0(6.0) Throwing
 + Level 5.8(10.8) Armour
 + Level 5.7(10.7) Dodging
 + Level 1.9(6.9) Stealth
 * Level 8.2 Spellcasting
 * Level 0.1 Invocations


You knew the following spells:

 Your Spells              Type           Power      Damage    Failure   Level
a - Blink                 Tloc           60%        N/A       1%          2
b - Lesser Beckoning      Tloc           60%        N/A       1%          2
c - Vhi's Electric Charg  Tloc/Air       60%        N/A       1%          3
d - Teleport Other        Tloc           30%        N/A       1%          3
e - Manifold Assault      Tloc           30%        N/A       7%          4
f - Summon Small Mammal   Summ           100%       N/A       1%          1
g - Wereblood             Tmut           30%        N/A       1%          2
h - Passwall              Tmut/Erth      25%        N/A       1%          2
i - Spider Form           Tmut/Pois      30%        N/A       1%          3
j - Borgnjor's Vile Clut  Necr/Erth      15%        N/A       19%         5
Your spell library was empty.

Dungeon Overview and Level Annotations

Branches:
Dungeon (9/15)             Temple (1/1) D:4            Lair (0/5) D:9
Ossuary (visited)          Bailey (1/1)
    Orc: D:9-12

Altars:
Ashenzari
Cheibriados
Dithmenos
Elyvilon
Fedhas
Gozag
Hepliaklqana
Makhleb
Nemelex Xobeh
Okawaru
Qazlal
Ru
Trog
Wu Jian
Xom
Yredelemnul
Zin
The Shining One

Annotations:
D:8 2 transporters


Innate Abilities, Weirdness & Mutations

You are immune to sickness and miasma.
You are immune to poison.
Your flesh is very heat resistant. (rF++)
You are vulnerable to cold. (rC-)
You float through the air rather than walking.
You learn spells naturally, not from books.
Your magical power is your life essence.
You have superior vitality. (+4 MHP)


Message History

You gain the combat prowess of a mighty hero.
Throw: 2 throwing nets
Press: ? - help, Q - select action, (/) - cycle Shift-Dir - straight line, f - orc knight
Aim: an orc knight, wielding a +0 bardiche and wearing a +0 ring mail (60% to hit)
You throw a throwing net.
The throwing net barely misses the orc knight.
The orc knight barely misses you.
Throw: throwing net
Press: ? - help, Q - select action, (/) - cycle Shift-Dir - straight line, f/p - orc knight
Aim: an orc knight, wielding a +0 bardiche and wearing a +0 ring mail (60% to hit)
You throw a throwing net.
The throwing net closely misses the orc knight.
The orc knight barely misses you.
The orc knight hits you with a +0 bardiche!
You hit the orc knight but do no damage.
Space warps horribly around the orc knight!!
The orc knight is moderately wounded.
You whack the orc knight!
Space warps horribly around the orc knight.
The orc knight is heavily wounded.
The orc knight hits you but does no damage.
You hit the orc knight.
Space warps around the orc knight.
The orc knight is severely wounded.
You hit the orc knight.
Space warps around the orc knight.
The orc knight is severely wounded.
The orc knight hits you with a +0 bardiche.
* * * LOW HITPOINT WARNING * * *
You whack the orc knight!
The orc knight is almost dead.
You barely miss the orc knight.
The orc knight is almost dead.
The orc knight closely misses you.
You hit the orc knight.
You punch the orc knight, but do no damage.
The orc knight is almost dead.
You hit the orc knight but do no damage.
Space warps around the orc knight.
The orc knight is almost dead.
The orc knight hits you with a +0 bardiche!!
You die...

############ ##
##.∩....))..## ##.
#......#)....######..
#.....###....#....#..
#∩..@..8...).'))))').
#....o###...o#....#..
#......#.....######..
##.∩........## ##.
############ ##


You could see an orc knight.

Vanquished Creatures
  An unseen horror zombie (D:8)
  10 yaks
  A water moccasin (D:6)
  An ice beast (D:5)
  A sky beast (D:7)
  3 black bears
  7 orc warriors (Bailey)
  A phantom (D:7)
  2 kobold brigands (D:8)
  4 bullfrogs
  13 scorpions
  8 wights (D:8)
  2 howler monkeys
  3 centaur zombies
  4 hounds
  6 jellies
  4 orc priests
  2 human zombies (Ossuary)
  2 scorpion zombies (Ossuary)
  4 iguanas
  An orc wizard (D:4)
  A killer bee zombie (D:8)
  3 mummies (Ossuary)
  A howler monkey zombie (D:8)
  Robin (D:4)
  6 gnolls
  10 adders
  A shadow imp (D:7)
  2 white imps
  An ufetubus (D:4)
  2 worms
  A dart slug (D:2)
  34 orcs
  3 ball pythons
  3 bats (D:2)
  6 endoplasms
  A giant cockroach (D:1)
  7 hobgoblins
  3 jackals (D:1)
  6 quokkas
  5 frilled lizards
  3 gnoll zombies (Ossuary)
  20 goblins
  3 hobgoblin zombies (Ossuary)
  10 kobolds
  2 orc zombies (Ossuary)
  2 quokka zombies (D:7)
  3 rats (D:1)
220 creatures vanquished.

Vanquished Creatures (collateral kills)
  An ogre (D:4)
  2 gnolls
  2 orcs (D:3)
  A ball python (D:4)
  A frilled lizard (D:3)
7 creatures vanquished.

Vanquished Creatures (others)
  A wizard (D:4)
  10 plants (D:5)
11 creatures vanquished.

Grand Total: 238 creatures vanquished

Notes
Turn   | Place    | Note
-------+----------+-------------------------------------------
     0 | D:1      | jimonade the Djinni Warper began the quest for the Orb.
     0 | D:1      | jimonade set off with the following spells memorised:
                  | Blink, Lesser Beckoning, Vhi's Electric Charge, Teleport
                  | Other, Manifold Assault.
     0 | D:1      | Reached XP level 1. HP: 18/18 MP: 0/0
   154 | D:1      | Reached XP level 2. HP: 23/23 MP: 0/0
   164 | D:1      | Reached skill level 1 in Throwing
   464 | D:1      | Reached XP level 3. HP: 22/28 MP: 0/0
   464 | D:1      | Learned a level 1 spell: Summon Small Mammal
  1117 | D:2      | Reached skill level 3 in Spellcasting
  1117 | D:2      | Reached XP level 4. HP: 7/33 MP: 0/0
  1369 | D:2      | Found a blossoming altar of Fedhas.
  1926 | D:3      | Reached XP level 5. HP: 29/39 MP: 0/0
  1926 | D:3      | Learned a level 2 spell: Wereblood
  2162 | D:4      | Noticed an ogre
  2201 | D:4      | Killed an ogre
  2202 | D:4      | Reached XP level 6. HP: 29/45 MP: 0/0
  2846 | D:3      | Reached skill level 4 in Spellcasting
  3504 | D:4      | Reached XP level 7. HP: 18/49 MP: 0/0
  3504 | D:4      | Learned a level 2 spell: Passwall
  3629 | D:4      | Found a staircase to the Ecumenical Temple.
  3673 | Temple   | Entered the Ecumenical Temple
  3682 | Temple   | Became a worshipper of Warmaster Okawaru
  3984 | D:4      | Found a bloodstained altar of Trog.
  3986 | D:4      | Noticed a wizard
  3991 | D:4      | Killed a wizard
  4024 | D:4      | Noticed Robin
  4030 | D:4      | Killed Robin
  4156 | D:4      | Reached skill level 1 in Maces & Flails
  4436 | D:5      | Entered Level 5 of the Dungeon
  4587 | D:5      | Found a shimmering altar of Xom.
  4731 | D:5      | Reached XP level 8. HP: 32/56 MP: 0/0
  5085 | D:5      | Reached skill level 5 in Spellcasting
  5323 | D:5      | Found a glowing golden altar of the Shining One.
  5403 | D:5      | Reached * piety under Okawaru
  5588 | D:5      | Reached skill level 1 in Stealth
  5743 | D:5      | Found a shadowy altar of Dithmenos.
  5999 | D:6      | Reached XP level 9. HP: 57/61 MP: 0/0
  5999 | D:6      | Learned a level 3 spell: Spider Form
  6539 | D:6      | Reached skill level 6 in Spellcasting
  7256 | D:7      | Reached ** piety under Okawaru
  7439 | D:7      | Reached skill level 5 in Dodging
  7442 | D:7      | Reached skill level 5 in Armour
  7450 | D:7      | Reached skill level 5 in Maces & Flails
  7450 | D:7      | Reached XP level 10. HP: 47/68 MP: 0/0
  7717 | D:7      | Found a sand-covered staircase.
  7724 | Ossuary  | Entered an ossuary
  7737 | Ossuary  | Reached *** piety under Okawaru
  8306 | D:7      | Reached skill level 7 in Spellcasting
  8427 | D:8      | Reached **** piety under Okawaru
  8498 | D:8      | Reached skill level 5 in Fighting
  8953 | D:8      | Found a transporter.
  9069 | D:8      | Found a sparkling altar of Nemelex Xobeh.
  9141 | D:8      | Reached ***** piety under Okawaru
  9142 | D:8      | Reached XP level 11. HP: 34/76 MP: 0/0
  9142 | D:8      | Learned a level 5 spell: Borgnjor's Vile Clutch
  9323 | D:8      | Identified the +9 dire flail of Humurch {flame, Str+4}
                  | (Okawaru gifted it to you on level 8 of the Dungeon)
  9323 | D:8      | Received a gift from Okawaru
  9446 | D:8      | Identified the +6 dagger "Esmucvis" {antimagic, rF+ Will-
                  | Stlth+}
  9503 | D:8      | Found a transporter.
  9538 | D:8      | Found a transporter.
  9759 | D:8      | Found a transporter.
  9912 | D:9      | Found a flagged portal.
  9934 | Bailey   | Entered a bailey
 10005 | Bailey   | HP: 3/76 [orc warrior/+0 spear (3)]
 10388 | Bailey   | Reached skill level 8 in Spellcasting
 10485 | Bailey   | Noticed an orc knight
 10504 | Bailey   | Slain by an orc knight

Illustrated notes

Levels and vault maps discovered:
D:1:      co_arrival_random_square_maze, layout_basic
D:2:      layout_basic, basic_altar
D:3:      layout_rooms
D:4:      layout_loops_corners, trog_wizard, temple_statues, minivault_5,
          minmay_starry_boxes, uniq_robin
D:5:      layout_loops_ring, mainiacjoe_overflow_alcove_4,
          mainiacjoe_overflow_tiny_flanked, mainiacjoe_overflow_paths,
          marbit_many_paths, serial_bayou, serial_bayou_lagoon_b,
          serial_bayou_pond_e, serial_bayou_pond_b, serial_bayou_pond_d,
          item_on_display_a
D:6:      layout_layer_cave
D:7:      layout_cave_pods, enter_ossuary_4
D:8:      layout_loops_corners, overflow_temple_1_default, serial_undead,
          serial_undead_b, serial_undead_b, serial_undead_f, serial_undead_c,
          serial_undead_a, nicolae_diode_intersection
D:9:      cheibrodos_elevator_heist, layout_basic, erik_lair_island,
          enter_bailey_5
Temple:   nicolae_temple_no_exploring_needed
Bailey:   bailey_polearm_5, bailey

Skill      XL: |  1  2  3  4  5  6  7  8  9 10 11 |
---------------+----------------------------------+-----
Throwing       | 1 |  1.0
Long Blades    | 2 |  2.9
Spellcasting   | 3 4 5 6 7 8 |  8.2
Dodging        | 3 4 5 |  5.7
Armour         | 2 3 5 |  5.8
Maces & Flails | 1 3 5 6 7 |  7.1
Fighting       | 3 4 5 |  5.7
Stealth        | 1 |  1.9
Invocations    | |  0.1

Action                     |  1- 3 |  4- 6 |  7- 9 | 10-12 || total
---------------------------+-------+-------+-------+-------++-------
  Melee: Falchion          |   110 |    48 |       |       ||   158
         Punch             |     1 |     2 |       |     4 ||     7
         Long sword        |       |    54 |       |       ||    54
         Whip              |       |    43 |   224 |   336 ||   603
  Throw: Throwing net      |       |       |       |     2 ||     2
   Cast: Summon Small Mamm |       |    56 |       |       ||    56
         Wereblood         |       |     4 |    24 |    20 ||    48
         Blink             |       |     2 |       |       ||     2
         Vhi's Electric Ch |       |     1 |       |     1 ||     2
         Manifold Assault  |       |       |       |    28 ||    28
 Invoke: Heroism           |       |       |     1 |     3 ||     4
    Use: Scroll            |       |     5 |    14 |     7 ||    26
         Potion            |       |       |       |     2 ||     2
   Stab: Sleeping          |       |     1 |       |       ||     1
 Armour: Leather armour    |    35 |    36 |    36 |       ||   107
         Ring mail         |       |       |    34 |   114 ||   148
  Dodge: Dodged            |    89 |    94 |   127 |   133 ||   443

Table legend: (Time is in decaauts)
 A = Elapsed time spent in this place.
 B = Non-inter-level travel time spent in this place.
 C = Inter-level travel time spent in this place.
 D = Time resting spent in this place.
 E = Time spent auto-exploring this place.
 F = Levels seen in this place.
 G = Mean time per level.
                   A        B        C        D        E       F      G
               +--------+--------+--------+--------+--------+-----+--------+
         Total |  10478 |   9852 |    626 |   1746 |   5685 |  12 |  873.2 |
       Dungeon |   9624 |   9003 |    621 |   1452 |   5493 |   9 | 1069.3 |
        Temple |     15 |     10 |      5 |      0 |      0 |   1 |   15.0 |
       Ossuary |    287 |    287 |      0 |      0 |    123 |   1 |  287.0 |
        Bailey |    550 |    550 |      0 |    294 |     69 |   1 |  550.0 |
               +--------+--------+--------+--------+--------+-----+--------+

Top non-repeatable levels by time:
     D:4: 2383 daAuts
     D:8: 1456 daAuts
     D:6: 1281 daAuts
     D:5: 1105 daAuts
     D:2: 919 daAuts
     D:7: 859 daAuts
     D:1: 847 daAuts
     D:3: 746 daAuts
  Bailey: 550 daAuts
 Ossuary: 287 daAuts
     D:9: 25 daAuts
  Temple: 15 daAuts
